 Dungeon Crawl Stone Soup version 0.28.0-43-g3370ac3207 (webtiles) character file.

Game seed: 18106838190520736816

116 Orthodox the Skirmisher (level 5, -3/34 HPs)
             Began as a Kobold Fighter on Mar 24, 2022.
             Slain by an iguana (8 damage)
             ... on level 2 of the Dungeon.
             The game lasted 00:04:06 (2309 turns).

Orthodox the Skirmisher (Kobold Fighter)            Turns: 2309, Time: 00:04:07

Health: -3/34      AC:  6    Str: 15    XL:     5   Next: 21%
Magic:  5/5        EV: 10    Int: 10    God:
Gold:   79         SH:  5    Dex: 14    Spells: 4/4 levels left

rFire   . . .      SeeInvis .   a - +0 rapier
rCold   . . .      Faith    .   c - +0 buckler
rNeg    . . .      Spirit   .   b - +0 scale mail
rPois   .          Reflect  .   (no helmet)
rElec   .          Harm     .   (no cloak)
rCorr   .          Rampage  .   (no gloves)
Will    .....                   (no boots)
Stlth   +.........              (no amulet)
HPRegen 0.11/turn               m - ring of flight
MPRegen 0.09/turn               (no ring)

@: flying
A: small, no large weapons, nightstalker 3
a: no special abilities


You were on level 2 of the Dungeon.
You visited 1 branch of the dungeon, and saw 3 of its levels.

You collected 79 gold pieces.

Inventory:

Hand Weapons
 a - a +0 rapier (weapon)
Armour
 b - a +0 scale mail (worn)
 c - a +0 buckler (worn)
Jewellery
 m - a ring of flight (left hand)
Scrolls
 e - a scroll of magic mapping
 f - a scroll of fog {unknown}
 j - 2 scrolls of silence {unknown}
 l - a scroll of identify {unknown}
Potions
 d - a potion of might
 g - a potion of attraction {unknown}
 h - 2 potions of curing {unknown}
 i - 2 potions of haste {unknown}
 k - 2 potions of heal wounds {unknown}


   Skills:
 + Level 4.4 Fighting
 + Level 4.3 Short Blades
 - Level 2.4 Armour
 + Level 3.2 Shields


You had 4 spell levels left.
You didn't know any spells.
Your spell library contained the following spells:

 Spells                   Type           Power      Damage    Failure   Level
 Animate Skeleton         Necr           0%         N/A       91%         1
 Apportation              Tloc           0%         N/A       91%         1
 Summon Small Mammal      Summ           0%         N/A       91%         1
 Summon Guardian Golem    Hex/Summ       0%         N/A       100%        3
 Orb of Destruction       Conj           0%         9d5       100%        7
 Spellforged Servitor     Conj/Summ      0%         N/A       100%        7


Dungeon Overview and Level Annotations

Branches:
Dungeon (3/15)

Altars:
Elyvilon

Annotations:
D:2 1 runed translucent door, Crazy Yiuf


Innate Abilities, Weirdness & Mutations

You are small and have problems with some larger weapons.
You are completely attuned to the shadows.


Message History

You feel clever.
You regained 3 hp, and now have 24/34 hp.
MP restored: 5 You start resting.
HP restored.
Health restored: 34 Crazy Yiuf shouts!
Could not explore, unopened runed door.
Could not explore, unopened runed door.
Could not explore, unopened runed door.
Could not explore, unopened runed door.
Could not explore, unopened runed door.
Could not explore, unopened runed door.
Could not explore, unopened runed door.
Crazy Yiuf cries, "Prologue action canine!"
There is a stone staircase leading down here.
You fly downwards.
The kobold shouts!
You hear an angry hiss.
Found a scroll labelled JOICLESUIPS.
There is a stone staircase leading up here.
The iguana hisses angrily.
You fly upwards.
Level annotation: 1 runed translucent door, Crazy Yiuf
There is a stone staircase leading down here.
You hit the iguana but do no damage. The iguana misses you.
You closely miss the iguana. The iguana bites you. The iguana bites you!
You take 18 damage, and have 16/34 hp.
MASSIVE DAMAGE!!
You are too injured to fight recklessly!
You are too injured to fight recklessly!
You are too injured to fight recklessly!
You are too injured to fight recklessly!
You are too injured to fight recklessly!
You barely miss the iguana. You closely miss the iguana.
The iguana closely misses you.
You puncture the iguana!
The iguana is moderately wounded.
The iguana bites you!
* * * LOW HITPOINT WARNING * * *
The iguana bites you!
You die...

#.................#
#####.##..............#
#.....##.#............#
#.######.#.####.......#
#.# #.#.# #.......# #.#
#.#.# #.......# #.# #.#.#
##.#.##.# #.# #.#.#
##l....#.# #.#
#.#.###@.#.....#
###.######.#.(...#......#
)..........#####...###.##
###..###...........# #.#
#..# #.#########.###.#
##..# #.# #.....#
#...###.# #.#.#.#
#.......# #.#.#.#
#...#############.#.#.###


You could see an iguana.

Vanquished Creatures
  Natasha (twice) (D:2)
  An orc wizard (D:2)
  A worm (D:2)
  A dart slug (D:1)
  2 orcs (D:2)
  3 ball pythons (D:1)
  3 bats
  An endoplasm (D:1)
  2 giant cockroaches (D:1)
  6 goblins (D:1)
  2 hobgoblins
  A kobold (D:2)
  4 quokkas (D:1)
  2 frilled lizards (D:1)
  5 rats (D:1)
36 creatures vanquished.

Notes
Turn   | Place    | Note
-------+----------+-------------------------------------------
     0 | D:1      | Orthodox the Kobold Fighter began the quest for the Orb.
     0 | D:1      | Reached XP level 1. HP: 14/14 MP: 1/1
   226 | D:1      | Reached XP level 2. HP: 19/19 MP: 2/2
   395 | D:1      | Reached XP level 3. HP: 19/24 MP: 3/3
  1257 | D:2      | Found a white marble altar of Elyvilon.
  1288 | D:2      | Reached XP level 4. HP: 20/29 MP: 4/4
  1788 | D:2      | Found a runed translucent door.
  1791 | D:2      | Noticed Crazy Yiuf
  1857 | D:2      | Noticed Natasha
  1865 | D:2      | Killed Natasha
  2140 | D:2      | Noticed Natasha
  2154 | D:2      | Killed Natasha
  2155 | D:2      | Reached XP level 5. HP: 24/34 MP: 5/5
  2309 | D:2      | Slain by an iguana

Illustrated notes

Levels and vault maps discovered:
D:1:      scummos_arrival_gate, layout_rooms, minmay_misc_feat_doors
D:2:      layout_loops_ring, basic_altar, uniq_natasha, uniq_crazy_yiuf_cottage
D:3:      layout_rooms, dreamdust_ecumenical_altar_statues

Skill      XL: |  1  2  3  4 |
---------------+-------------+-----
Short Blades   | 3 4 |  4.3
Fighting       | 4 |  4.4
Shields        | 3 |  3.2
Armour         | |  2.4

Action                   |  1- 3 |  4- 6 || total
-------------------------+-------+-------++-------
Melee: Rapier            |    95 |    36 ||   131
  Use: Scroll            |     1 |       ||     1
Armor: Scale mail        |    25 |     3 ||    28
Dodge: Dodged            |    38 |    10 ||    48
Block: Buckler           |    27 |     9 ||    36
